 Dungeon Crawl Stone Soup version 0.22-a0-748-g283c1ef38e (webtiles) character file.

3077 emxd the Grappler (level 9, -3/70 HPs)
             Began as a Naga Transmuter on July 14, 2018.
             Was a Priest of Cheibriados.
             Killed from afar by a big kobold (8 damage)
             ... with a wand of flame (14)
             ... on level 8 of the Dungeon on July 15, 2018.
             The game lasted 00:32:31 (9118 turns).

emxd the Grappler (Naga Transmuter)                 Turns: 9118, Time: 00:32:31

Health: -3/70      AC:  2    Str: 20    XL:     9   Next: 89%
Magic:  12/17      EV: 22    Int: 23    God:    Cheibriados [***...]
Gold:   574        SH:  0    Dex: 24    Spells: 4/19 levels left

rFire    . . .     SeeInvis +     - Unarmed
rCold    . . .     Gourm    .   (shield currently unavailable)
rNeg     . . .     Faith    .   (armour currently unavailable)
rPois    x         Spirit   .   (helmet currently unavailable)
rElec    .         Reflect  .   (cloak currently unavailable)
rCorr    .         Harm     .   (gloves currently unavailable)
MR       +....                  (no barding)
Stlth    ++++......             (no amulet)
HPRegen  0.21/turn              c - ring of stealth
MPRegen  0.15/turn              q - +3 ring of evasion

@: spider-form, very slow
A: tiny, see invisible, slow metabolism 1, spit poison 1, AC +3
a: Spit Poison, End Transformation, Bend Time, Temporal Distortion, Renounce
Religion


You were on level 8 of the Dungeon.
You worshipped Cheibriados.
Cheibriados was most pleased with you.
You were not hungry.
You were a venomous arachnid creature.
You visited 2 branches of the dungeon, and saw 9 of its levels.
You also visited: Sewer.

You collected 574 gold pieces.

Inventory:

Hand Weapons
 h - a +0 dagger
 z - a +3 whip of venom (melded)
 A - a +4 whip
Missiles
 a - 116 arrows
Armour
 p - a +2 robe of cold resistance (melded)
 t - a +1 helmet (melded)
 x - a +0 buckler
 B - the +4 ring mail of the Kraken {+Inv +Fly Dex+6}
   (You found it on level 4 of the Dungeon)

   It affects your dexterity (+6).
   It lets you turn invisible.
   It lets you fly.
 G - a +1 scale mail of poison resistance
Jewellery
 c - a ring of stealth (left front leg)
 n - an uncursed ring of protection from magic
 q - a +3 ring of evasion (right front leg)
 D - an uncursed ring of fire {unknown}
 H - an uncursed amulet of rage {unknown}
Wands
 b - a wand of acid (17)
 C - a wand of digging (6)
Scrolls
 g - a scroll of amnesia
 l - 2 scrolls of remove curse
 o - a scroll of teleportation
 r - a scroll of silence {unknown}
 s - 5 scrolls of identify
 u - 4 scrolls of enchant armour {unknown}
 w - 4 scrolls of enchant weapon
 y - a scroll of blinking
 E - a scroll of fear {unknown}
 I - a scroll of holy word {unknown}
Potions
 e - 4 potions of curing
 f - a potion of cancellation
 i - 3 potions of flight
 j - a potion of heal wounds
 k - 3 potions of might
 m - 2 potions of brilliance
 v - a potion of agility
Comestibles
 d - 18 rations


   Skills:
 - Level 1.0 Fighting
 - Level 1.5 Dodging
 - Level 5.0 Stealth
 + Level 8.3 Unarmed Combat
 + Level 5.5 Spellcasting
 - Level 8.0 Transmutations
 + Level 4.4 Invocations


You had 4 spell levels left.
You knew the following spells:

 Your Spells              Type           Power        Failure   Level  Hunger
a - Beastly Appendage     Tmut           #####.       3%          1    None
b - Sticks to Snakes      Tmut           #####...     3%          2    None
c - Spider Form           Tmut/Pois      ###.......   16%         3    ##.....
d - Blade Hands           Tmut           #####.....   24%         5    #####..
e - Ice Form              Ice/Tmut       ###.....     36%         4    ####...

Your spell library contained the following spells:

 Spells                   Type           Power        Failure   Level  Hunger
 Invisibility             Hex            #.......     100%        6    #######
 Swiftness                Chrm/Air       #.......     32%         2    None
 Passwall                 Tmut/Erth      ###.....     10%         2    None
 Lee's Rapid Deconstruct  Erth           #.........   98%         5    #####..
 Passage of Golubria      Tloc           N/A          83%         4    ####...
 Darkness                 Hex            #.........   100%        6    #######


Dungeon Overview and Level Annotations

Branches:
Dungeon (8/15)             Temple (1/1) D:4
   Lair: D:8-11

Altars:
Ashenzari
Cheibriados
Dithmenos
Elyvilon
Fedhas
Gozag
Hepliaklqana
Makhleb
Okawaru
Qazlal
Ru
Sif Muna
Trog
Uskayaw
Vehumet
Wu Jian
Xom
Yredelemnul
Zin
The Shining One


Innate Abilities, Weirdness & Mutations

You cannot wear boots.
((Your serpentine skin is tough. (AC +3)))
You have supernaturally acute eyesight. (SInv)
((Armour fits poorly on your strangely shaped body.))
((Your system is resistant to poisons. (rPois)))
((You cover ground very slowly.))
You have a slow metabolism.
You can spit poison.


Message History

Your +1 helmet melds into your body.
Your +2 robe of cold resistance melds into your body.
Your +3 whip of venom stops dripping with poison.
You feel less resistant to cold. The wyvern skeleton closely misses you.
The big kobold misses you.
You barely miss the big kobold.
The big kobold is moderately wounded.
You barely miss the big kobold.
The big kobold is moderately wounded.
The wyvern skeleton barely misses you. The big kobold closely misses you.
You bite the big kobold!
The big kobold is severely wounded.
The wyvern skeleton bites you!
* * * LOW HITPOINT WARNING * * *
You hit the big kobold.
The big kobold is severely wounded.
The big kobold closely misses you. The wyvern skeleton bites you!
* * * LOW HITPOINT WARNING * * *
The big kobold zaps a wand.
The puff of flame hits you!
You die...

##...#######
##..........### ###
#.....######..####.#
##......#
#.......###
#....P.##
#####.....##
##.#.....##+##
#####...
##..#....##...# ####
##........'....#
##.........s.K..#
#..(.......##Z..#
..##........##+##
##.....P.##
............#
...........##
...........##
............#
............##


You could see a big kobold and a wyvern skeleton.

Vanquished Creatures
  Grinder (D:4)
  A hippogriff (D:7)
  Menkaure (D:4)
  Duvessa (D:7)
  Purgy (Sewer)
  A sky beast (D:5)
  2 ice beasts (D:6)
  4 ogres
  2 phantoms (D:6)
  5 centaurs
  3 bullfrogs (D:8)
  Dowan (D:7)
  4 scorpions
  A bullfrog zombie (D:7)
  2 centaur zombies
  A crimson imp (D:7)
  A hound (D:8)
  2 centaur skeletons
  3 orc priests
  3 bullfrog skeletons
  An iguana (D:7)
  4 worker ants
  A hound skeleton (D:5)
  A howler monkey zombie (D:5)
  9 adders
  A shadow imp (D:4)
  An adder skeleton (D:5)
  4 worms
  3 dart slugs (D:1)
  4 leopard geckos
  37 orcs
  A ball python (D:1)
  5 giant cockroaches
  6 hobgoblins
  3 quokkas
  3 bats
  5 frilled lizards
  4 goblins (D:1)
  2 jackal zombies
  7 kobolds
  A leopard gecko zombie (D:5)
  2 quokka skeletons
  3 rats
148 creatures vanquished.

Vanquished Creatures (collateral kills)
  A scorpion (D:4)
1 creature vanquished.

Vanquished Creatures (others)
  9 fungi (D:5)
9 creatures vanquished.

Grand Total: 158 creatures vanquished

Notes
Turn   | Place    | Note
-------+----------+-------------------------------------------
     0 | D:1      | emxd the Naga Transmuter began the quest for the Orb.
     0 | D:1      | Reached XP level 1. HP: 18/18 MP: 3/3
   331 | D:1      | Reached skill level 1 in Stealth
   331 | D:1      | Reached XP level 2. HP: 22/25 MP: 5/5
   348 | D:1      | Learned a level 2 spell: Sticks to Snakes
   715 | D:2      | Reached XP level 3. HP: 31/31 MP: 6/6
   722 | D:1      | Learned a level 3 spell: Spider Form
  1624 | D:3      | Reached XP level 4. HP: 36/38 MP: 7/7
  2409 | D:4      | Reached XP level 5. HP: 44/44 MP: 5/9
  2429 | D:4      | Noticed Menkaure
  2443 | D:4      | Killed Menkaure
  2443 | D:4      | Reached XP level 6. HP: 9/51 MP: 6/10
  2682 | D:4      | Upgraded the game from 0.22-a0-619-ga0c6fd2ff5 to 0.22-a0-748-g283c1ef38e
  3295 | D:4      | Found a staircase to the Ecumenical Temple.
  3397 | D:4      | Reached skill level 5 in Stealth
  3866 | D:4      | Noticed Grinder
  3875 | D:4      | Killed Grinder
  3875 | D:4      | Reached XP level 7. HP: 31/57 MP: 7/13
  4040 | D:4      | Got a polished ring mail
  4043 | D:4      | Found a shadowy altar of Dithmenos.
  4185 | Temple   | Entered the Ecumenical Temple
  4400 | Temple   | Became a worshipper of Cheibriados the Contemplative
  4714 | D:4      | Identified the +4 ring mail of the Kraken {+Inv +Fly Dex+6} (You found it on level 4 of the Dungeon)
  4766 | D:5      | Entered Level 5 of the Dungeon
  4829 | D:5      | Reached skill level 5 in Unarmed Combat
  4829 | D:5      | Reached skill level 1 in Invocations
  4990 | D:5      | Reached skill level 5 in Transmutations
  4990 | D:5      | Reached XP level 8. HP: 55/64 MP: 11/14
  5033 | D:5      | Reached * piety under Cheibriados
  6175 | D:6      | Reached ** piety under Cheibriados
  6289 | D:6      | Found a glowing drain.
  6303 | Sewer    | Entered a sewer
  6378 | Sewer    | Noticed Purgy
  6391 | Sewer    | Killed Purgy
  6626 | D:6      | Learned a level 5 spell: Blade Hands
  6722 | D:6      | Reached XP level 9. HP: 57/70 MP: 11/15
  7378 | D:7      | Found a shattered altar of Ashenzari.
  7695 | D:7      | Reached *** piety under Cheibriados
  8073 | D:7      | Reached skill level 5 in Spellcasting
  8419 | D:7      | Noticed Duvessa
  8425 | D:7      | Noticed Dowan
  8428 | D:7      | Killed Duvessa
  8437 | D:7      | Killed Dowan
  8452 | D:7      | Learned a level 4 spell: Ice Form
  8946 | D:8      | Found a hazy altar of Hepliaklqana.
  9118 | D:8      | Killed from afar by a big kobold

Vault maps used:
D:1:      matt_arrival_grand_opening, minmay_misc_feat_four_crosses,
          minmay_tromino_v4_a
D:2:      nicolae_overflow_hidden_temple, first_ration
D:4:      temple_hall, grunt_dithmenos_shadows, uniq_menkaure, uniq_grinder
D:5:      minmay_gold_behind_fungi
D:6:      portal_sewer_entry_d
D:7:      evilmike_ruin_ashenzari, uniq_duvessa
D:8:      old_standard_altar, serial_shops, shop, blue_anna_alchemist,
          kennysheep_small_circle
Temple:   dpeg_five_rooms_temple
Sewer:    kennysheep_door_sewer

Skill      XL: |  1  2  3  4  5  6  7  8  9 |
---------------+----------------------------+-----
Stealth        | 1 2 3 4 5 |  5.0
Transmutations | 3 4 5 7 8 |  8.0
Unarmed Combat | 4 5 7 8 |  8.3
Spellcasting   | 3 4 5 |  5.5
Invocations    | 2 4 |  4.4
Fighting       | |  1.0
Dodging        | |  1.5

Action                   |  1- 3 |  4- 6 |  7- 9 || total
-------------------------+-------+-------+-------++-------
Melee: Unarmed           |    25 |    44 |   253 ||   322
       Whip              |    56 |    51 |   151 ||   258
       Punch             |     1 |     2 |    11 ||    14
 Cast: Spider Form       |     1 |     7 |    24 ||    32
       Sticks to Snakes  |     1 |     7 |     2 ||    10
       Beastly Appendage |       |       |     1 ||     1
       Blade Hands       |       |       |     1 ||     1
Invok: Bend Time         |       |       |     1 ||     1
 Abil: Spit Poison       |    24 |    15 |    24 ||    63
       End Transformatio |       |     1 |       ||     1
  Use: Potion            |       |     2 |     7 ||     9
       Scroll            |       |       |    10 ||    10
 Stab: Distracted        |       |     1 |       ||     1
       Sleeping          |       |       |     8 ||     8
  Eat: Chunk             |     3 |     4 |     8 ||    15
       Ration            |       |     1 |     2 ||     3
Armor: Robe              |    18 |     6 |    80 ||   104
       Skin              |       |     1 |     6 ||     7
Dodge: Dodged            |    49 |    47 |   302 ||   398

Table legend:
 A = Spawn XP
 B = Non-spawn XP
 C = Spawn XP percentage of total XP
 D = Spawn monster count
 E = Non-spawn monster count
 F = Spawn count percentage of total count
 G = Total turns spent on level
                    A         B        C        D         E        F      G
               +---------+---------+-------+---------+---------+-------+---------
         Total |       0 |    4396 |   0.0 |       0 |     149 |   0.0 |  9118
               +---------+---------+-------+---------+---------+-------+---------
           D:1 |       0 |      30 |   0.0 |       0 |      14 |   0.0 |   912
           D:2 |       0 |      40 |   0.0 |       0 |       9 |   0.0 |   555
           D:3 |       0 |      85 |   0.0 |       0 |      17 |   0.0 |   928
           D:4 |       0 |     649 |   0.0 |       0 |      13 |   0.0 |  2200
           D:5 |       0 |     743 |   0.0 |       0 |      39 |   0.0 |  1236
           D:6 |       0 |     963 |   0.0 |       0 |      16 |   0.0 |  1035
           D:7 |       0 |    1185 |   0.0 |       0 |      25 |   0.0 |  1147
           D:8 |       0 |     557 |   0.0 |       0 |      10 |   0.0 |   641
         Sewer |       0 |     144 |   0.0 |       0 |       6 |   0.0 |   218
               +---------+---------+-------+---------+---------+-------+---------
